AoeStats
← ツ Lupinamet

Arabia

509576528Analyzed
1v1 RM · 6d ago on Sep 27, 2026· 15m 27s· 2 players
Game mode
Random Map
Map size
Tiny (2 player)
Population
200
Speed
Normal
Resources
Standard
Victory
Conquest
Starting age
Dark Age
Ending age
Imperial Age
RankedLock teamsTeams togetherTeam positionsShared explorationLock speedFull tech treeHidden civsTurbo modeCheats
Victory
Defeat
🇯🇵 Lithuanians · Japan
1608
+16
🇹🇷 Portuguese · Türkiye
1614
-16
Thomas2311
6:23 Loom
8:42 Feudal Age
9:41 Double-Bit Axe
12:52 Fletching
13:38 Padded Archer Armor
ツ Lupinamet
6:58 Loom
9:40 Feudal Age
10:39 Man-at-Arms
14:11 Fletching
Connection lost

Rejoining the realm…

Still unreachable

The connection could not be restored.

Session expired

The server has moved on; the page needs a fresh start.